 Dungeon Crawl Stone Soup version 0.31-a0-175-g9f7f995f2b (webtiles) character file.

Game seed: 15158140860200684108

101 qw the Shooter (level 4, -7/28 HPs)
             Began as a Gargoyle Hunter on June 17, 2023.
             Mangled by an ice beast (12 damage)
             ... on level 3 of the Dungeon.
             The game lasted 00:00:31 (1157 turns).

qw the Shooter (Gargoyle Hunter)                    Turns: 1157, Time: 00:00:31

Health: -7/28      AC:  7    Str: 14    XL:     4   Next: 75%
Magic:  4/4        EV: 11    Int: 10    God:
Gold:   171        SH:  0    Dex: 15    Spells: 3/3 levels left

rFire   . . .        Y - +0 shortbow
rCold   . . .        (shield currently unavailable)
rNeg    + . .        c - +0 leather armour
rPois   inf          e - +1 hat
rElec   +            (no cloak)
rCorr   .            (no gloves)
SInv    .            (no boots)
Will    .....        (no amulet)
Stlth   ++           (no ring)
HPRegen 0.24/turn    (no ring)
MPRegen 0.09/turn

%: no passive effects
@: no status effects
A: sickness immunity, AC +3, negative energy resistance 1, electricity
resistance, torment resistance 1, petrification resistance
a: no special abilities


You were on level 3 of the Dungeon.
You visited 1 branch of the dungeon, and saw 3 of its levels.

You collected 171 gold pieces.


Innate Abilities, Weirdness & Mutations

You are immune to sickness and miasma.
Your stone body is resilient. (AC +3)
You are immune to poison.
You resist negative energy. (rN+)
You are resistant to electric shocks. (rElec)
You are resistant to unholy torment.
You are immune to petrification.


   Skills:
 - Level 3.4 Fighting
 + Level 5.4 Ranged Weapons
 - Level 1.5 Dodging
 - Level 1.1 Stealth


You had 3 spell levels left.
You didn't know any spells.
Your spell library was empty.

Inventory:

Hand Weapons
 Y - a +0 shortbow (weapon)
Armour
 c - a +0 leather armour (worn)
 e - a +1 hat (worn)
Scrolls
 f - a scroll of identify
 g - a scroll of vulnerability {unknown}
Potions
 b - a potion of curing
 d - a potion of lignification

Dungeon Overview and Level Annotations

Branches:
Dungeon (3/15)

Altars:
Ashenzari


Message History

The arrow hits the ice beast but does no damage.
The ice beast is moderately wounded.
You shoot an arrow. The arrow hits the ice beast.
The ice beast is moderately wounded.
You shoot an arrow. The arrow closely misses the ice beast.
You shoot an arrow. The arrow barely misses the ice beast.
The ice beast hits you but does no damage.
You shoot an arrow. The arrow hits the ice beast.
The ice beast is moderately wounded.
The ice beast hits you but does no damage.
You shoot an arrow. The arrow closely misses the ice beast.
The ice beast hits you. The ice beast freezes you! The ice beast hits you.
The ice beast freezes you!
1150 ||| DRINKING potion of heal wounds.
You feel much better. The ice beast misses you.
You shoot an arrow.
The arrow hits the ice beast but does no damage.
The ice beast is moderately wounded.
The ice beast hits you. The ice beast freezes you.
You shoot an arrow. The arrow hits the ice beast!
The ice beast is heavily wounded.
The ice beast closely misses you.
You shoot an arrow. The arrow closely misses the ice beast.
The ice beast hits you. The ice beast freezes you.
You shoot an arrow.
The arrow hits the ice beast but does no damage.
The ice beast is heavily wounded.
The ice beast hits you but does no damage.
You shoot an arrow. The arrow hits the ice beast.
The ice beast is severely wounded.
The ice beast barely misses you.
You shoot an arrow. The arrow closely misses the ice beast.
The ice beast barely misses you.
The ice beast hits you but does no damage.
You shoot an arrow.
The arrow hits the ice beast but does no damage.
The ice beast is severely wounded.
The ice beast hits you. The ice beast freezes you!
You die...

#... .... #.. ..#
...... #####.+
..._.. #.....#
#......
#.##..####.......
#..<#.)..#......
#####.#@.#}..#
...#.Y..##
#####.).?.#
o))...#...#
#######.#.#
..#... ### ###


You could see an ice beast.

Vanquished Creatures
  Jessica (D:2)
  An orc wizard (D:3)
  An adder (D:2)
  3 orcs
  5 bats
  3 endoplasms (D:2)
  A giant cockroach (D:1)
  7 goblins
  4 hobgoblins
  3 quokkas
  5 ball pythons (D:2)
  A frilled lizard (D:1)
  2 rats (D:1)
37 creatures vanquished.

Notes
Turn   | Place    | Note
-------+----------+-------------------------------------------
     0 | D:1      | qw the Gargoyle Hunter began the quest for the Orb.
     0 | D:1      | Reached XP level 1. HP: 12/12 MP: 1/1
     0 | D:1      | 0 ||| qw: Version: 0.3-a-2-g5ab2908
     0 | D:1      | 0 ||| qw: Game counter: 216
     0 | D:1      | 0 ||| qw: Always use a shield: true
     0 | D:1      | 0 ||| qw: God list: Okawaru
     0 | D:1      | 0 ||| qw: Allow faded altars: false
     0 | D:1      | 0 ||| qw: Do Orc after D:15 true
     0 | D:1      | 0 ||| qw: Do second Lair branch before Depths: true
     0 | D:1      | 0 ||| qw: Lair rune preference: random
     0 | D:1      | 0 ||| qw: Plans: Normal, Zot:1-4, Slime:5, God:TSO, Crypt,
                  | Tomb, Abyss, Pan, Hells, Win
     0 | D:1      | 0 ||| PLANNING D:1-11
    80 | D:1      | Reached XP level 2. HP: 17/17 MP: 2/2
   390 | D:1      | 390 ||| READING scroll labelled ZEKLIPTO OSIOK.
   391 | D:1      | 391 ||| DRINKING 2 glowing clear potions.
   431 | D:1      | 431 ||| DROPPING scroll of butterflies.
   580 | D:2      | Reached XP level 3. HP: 21/21 MP: 3/3
   674 | D:2      | Reached skill level 5 in Ranged Weapons
   683 | D:2      | Noticed Jessica
   686 | D:2      | Killed Jessica
   687 | D:2      | Reached skill level 3 in Fighting
   687 | D:2      | Reached XP level 4. HP: 28/28 MP: 4/4
  1045 | D:2      | 1045 ||| UPGRADING to +1 hat.
  1050 | D:2      | 1050 ||| READING 2 scrolls labelled TUNUDA MEA.
  1051 | D:2      | 1051 ||| DRINKING 2 smoky orange potions.
  1052 | D:2      | 1052 ||| READING 2 scrolls of identify.
  1052 | D:2      | 1052 ||| IDENTIFYING fizzy amethyst potion
  1053 | D:2      | 1053 ||| DROPPING scroll of immolation.
  1080 | D:3      | Found a broken altar of Ashenzari.
  1085 | D:3      | 1085 ||| FLEEEEING.
  1091 | D:3      | 1091 ||| STAIRDANCE
  1142 | D:3      | Noticed an ice beast
  1149 | D:3      | HP: 4/28 [ice beast (10)]
  1150 | D:3      | 1150 ||| DRINKING potion of heal wounds.
  1157 | D:3      | HP: 5/28 [ice beast (1)]
  1157 | D:3      | Mangled by an ice beast

Levels and vault maps discovered:
D:1:      lemuel_arrival_cross, layout_rooms, corexii_corridor_pit
D:2:      layout_basic, uniq_jessica
D:3:      layout_basic, evilmike_ruin_ashenzari, biasface_ghost_orc_armoury,
          roderic_lattice_a, uniq_ijyb

Skill      XL: |  1  2  3 |
---------------+----------+-----
Ranged Weapons | 5 |  5.4
Fighting       | 3 |  3.4
Dodging        | |  1.5
Stealth        | |  1.1

Action                     |  1- 3 |  4- 6 || total
---------------------------+-------+-------++-------
   Fire: Shortbow          |    81 |    34 ||   115
    Use: Scroll            |     1 |     2 ||     3
         Potion            |     1 |     2 ||     3
 Armour: Leather armour    |     8 |     6 ||    14
  Dodge: Dodged            |    11 |     5 ||    16

Table legend:
 A = Non-vault XP
 B = Vault XP
 C = Vault XP percentage of total XP
 D = Non-vault monster count
 E = Vault monster count
 F = Vault count percentage of total count
                 A         B        C        D         E       F
            +---------+---------+-------+---------+---------+-------
      Total |     108 |      37 |  25.5 |      36 |       1 |   2.7
            +---------+---------+-------+---------+---------+-------
        D:1 |      22 |       0 |   0.0 |      13 |       0 |   0.0
        D:2 |      45 |      37 |  45.1 |      19 |       1 |   5.0
        D:3 |      41 |       0 |   0.0 |       4 |       0 |   0.0
            +---------+---------+-------+---------+---------+-------
